Map: 死亡光环-天梯版

Players

JieShi

  • Race: Protoss Protoss

夜蝶蝶蝶蝶蝶蝶蝶 (Firefly) - Winner!

  • Race: Protoss Protoss

Event: DreamHack SC2 Masters 2020 Summer China

VOD

Have the link to the VOD?

Description

Time

  • Played on: July 2, 2020, 7:46 a.m.
  • Length: 10:08

All games in this series

Show
View Real Time Build Order
Export as new Build Order

JieShi Protoss 

Build Orders:  

Get SALT Encoding   

  12  0:00  Probe  
  13  0:13  Probe  
  14  0:17  Pylon  
  14  0:24  Probe  
  15  0:32  Probe  
  15  0:37  Gateway  
  15  0:40  Probe  
  16  0:46  Assimilator  
  17  0:51  Probe  
  17  0:54  Assimilator  
  18  0:59  Probe  
  19  1:07  Gateway, Probe  
  19  1:17  Probe  
  20  1:24  Cybernetics Core  
  21  1:29  Probe  
  22  1:34  Pylon  
  22  1:41  Probe  
  23  1:54  Probe  
  24  2:00  Adept x2, Warp Gate  
  28  2:09  Pylon  
  28  2:25  Pylon  
  28  2:35  Stalker x2  
  32  2:47  Nexus  
  32  2:53  Shield Battery  
  32  2:56  Probe  
  33  3:06  Sentry x2  
  33  3:11  Probe  
  38  3:20  Pylon  
  38  3:24  Probe  
  39  3:30  Twilight Council  
  39  3:38  Probe  
  40  3:50  Probe  
  40  3:55  Probe  
  41  3:58  Probe  
  43  4:03  Probe  
  43  4:06  Blink, Probe  
  43  4:08  Dark Shrine  
  44  4:11  Forge  
  44  4:13  Probe  
  44  4:16  Probe  
  45  4:25  Stalker, Probe  
  45  4:29  Probe  
  47  4:33  Stalker  
  47  4:36  Protoss Ground Weapons Level 1  
  47  4:37  Probe  
  47  4:38  Pylon  
  50  4:41  Probe  
  51  4:49  Assimilator, Probe  
  52  4:55  Probe  
  52  4:59  Assimilator  
  53  5:01  Probe  
  53  5:03  Robotics Facility  
  54  5:07  Probe, Pylon  
  54  5:11  Stalker  
  54  5:13  Probe  
  58  5:18  Probe  
  59  5:22  Probe  
  59  5:23  Dark Templar  
  62  5:31  Probe  
  62  5:32  Probe  
  62  5:34  Nexus  
  62  5:42  Dark Templar  
  66  5:47  Gateway  
  66  5:49  Gateway  
  66  5:50  Observer  
  66  5:56  Shield Battery  
  67  6:05  Gateway  
  67  6:07  Dark Templar  
  67  6:10  Gateway  
  67  6:11  Pylon  
  65  6:22  Pylon  
  65  6:23  Pylon  
  65  6:27  Pylon  
  65  6:29  Immortal  
  65  6:31  Gateway  
  69  6:42  Dark Templar x2  
  73  6:47  Dark Templar  
  73  6:48  Stalker  
  75  6:55  Dark Templar  
  77  7:05  Stalker x2  
  76  7:16  Stalker x3  
  76  7:21  Observer  
  76  7:28  Stalker  
  76  7:29  Stalker x3  
  83  7:40  Stalker  
  83  7:43  Pylon  
  83  7:44  Pylon  
  85  7:48  Warp Prism  
  85  7:57  Pylon  
  85  8:01  Pylon  
  85  8:02  Sentry x2  
  85  8:03  Sentry, Stalker x2  
  96  8:07  Stalker  
  96  8:09  Stalker  
  100  8:13  Pylon  
  100  8:27  Stalker x3  
  102  8:33  Stalker x2  
  110  8:37  Stalker  
  112  8:51  Stalker x3  
  115  9:04  Observer  
  115  9:06  Stalker  
  115  9:07  Stalker  
  115  9:09  Zealot x2  
  122  9:18  Stalker x2  
  108  9:24  Stalker  
  108  9:29  Stalker x2  
  112  9:34  Stalker  
  63  10:00  Stalker  
  63  10:01  Stalker x2  
Show
View Real Time Build Order
Export as new Build Order

夜蝶蝶蝶蝶蝶蝶蝶 Protoss - Winner!

Build Orders: Phoenix Opening, Blink Stalkers 

Get SALT Encoding   

  12  0:00  Probe  
  13  0:12  Probe  
  14  0:17  Pylon  
  14  0:24  Probe  
  15  0:34  Probe  
  15  0:35  Gateway  
  15  0:42  Probe  
  16  0:47  Assimilator  
  17  0:51  Probe  
  17  0:55  Assimilator  
  18  1:03  Probe  
  19  1:09  Gateway  
  19  1:15  Probe  
  20  1:23  Cybernetics Core, Probe  
  20  1:31  Probe  
  21  1:37  Pylon  
  22  1:42  Probe  
  23  2:00  Stalker x2  
  27  2:02  Warp Gate  
  27  2:11  Pylon  
  27  2:21  Pylon  
  27  2:30  Sentry x2  
  31  2:44  Nexus  
  30  2:52  Shield Battery  
  30  2:53  Probe  
  30  2:57  Sentry  
  33  3:07  Gateway  
  33  3:14  Probe  
  33  3:16  Phoenix  
  34  3:22  Twilight Council  
  34  3:26  Probe  
  35  3:38  Probe  
  36  3:44  Blink  
  36  3:47  Pylon  
  36  3:49  Probe  
  36  3:50  Stalker  
  36  3:52  Probe  
  39  3:57  Stalker  
  39  3:58  Probe  
  39  4:01  Probe  
  43  4:05  Phoenix  
  43  4:07  Probe  
  44  4:11  Probe  
  46  4:17  Forge  
  46  4:22  Probe  
  47  4:25  Probe  
  48  4:34  Probe x2  
  50  4:39  Stalker  
  50  4:40  Stalker  
  50  4:41  Protoss Ground Weapons Level 1  
  50  4:42  Pylon  
  54  4:46  Probe  
  54  4:48  Probe  
  56  4:56  Robotics Facility  
  56  4:59  Probe  
  57  5:05  Gateway  
  57  5:08  Probe  
  57  5:11  Stalker  
  60  5:15  Stalker  
  60  5:17  Phoenix, Probe  
  60  5:21  Assimilator  
  63  5:30  Pylon  
  63  5:33  Probe  
  64  5:38  Nexus  
  64  5:46  Stalker x2  
  64  5:49  Observer  
  69  5:55  Probe  
  70  5:57  Pylon  
  69  6:07  Probe  
  69  6:10  Observer  
  69  6:12  Probe  
  69  6:14  Stalker x2  
  74  6:19  Probe  
  74  6:23  Stalker  
  74  6:24  Probe  
  78  6:32  Charge, Pylon  
  78  6:37  Gateway  
  78  6:39  Gateway, Pylon  
  78  6:45  Gateway  
  78  6:49  Probe x2  
  78  6:53  Probe  
  80  6:55  Stalker  
  79  7:01  Probe  
  79  7:02  Probe  
  79  7:03  Stalker  
  83  7:09  Probe  
  83  7:14  Probe  
  85  7:20  Probe  
  85  7:21  Probe  
  85  7:22  Stalker x2  
  85  7:26  Probe  
  85  7:32  Immortal, Probe  
  85  7:33  Probe  
  84  7:38  Probe  
  88  7:46  Photon Cannon, Probe x2  
  88  7:48  Shield Battery  
  88  7:50  Probe  
  91  7:52  Pylon  
  91  7:54  Assimilator  
  91  7:56  Pylon  
  91  7:57  Sentry  
  91  7:58  Probe x2  
  95  8:02  Probe  
  96  8:10  Probe  
  96  8:11  Pylon  
  97  8:15  Probe x2  
  97  8:18  Shield Battery  
  97  8:19  Immortal  
  99  8:22  Probe  
  99  8:23  Zealot  
  102  8:27  Assimilator, Probe  
  102  8:28  Probe  
  102  8:29  Assimilator  
  102  8:32  Sentry  
  110  8:34  Probe  
  110  8:36  Photon Cannon  
  110  8:39  Probe  
  112  8:47  Zealot x5  
  121  9:00  Immortal  
  115  9:08  Zealot x6  
  115  9:29  Zealot x6  
  125  9:50  Zealot x4  
  125  9:53  Zealot  
  125  9:56  Zealot  
Tags
 
Add a new tag
Caveats
  • Supply blocks, unpowered buildings, or Contaminate may cause inaccurate times.
  • Supply counts are checked every 10 seconds.